 Dungeon Crawl Stone Soup version 0.27-a0-346-ga689d4a613 (webtiles) character file.

Game seed: 8172258390928362765

186 dickylongcocking the Skirmisher (level 5, -6/42 HPs)
             Began as a Demonspawn Monk on Feb 16, 2021.
             Killed from afar by a white imp (8 damage)
             ... with a puff of frost
             ... on level 4 of the Dungeon.
             The game lasted 00:02:14 (3428 turns).

dickylongcocking the Skirmisher (Demonspawn Monk)   Turns: 3428, Time: 00:02:15

Health: -6/42      AC:  7    Str: 12    XL:     5   Next: 38%
Magic:  5/5        EV: 12    Int: 11    God:
Gold:   101        SH:  0    Dex: 16    Spells: 4/4 levels left

rFire    . . .     SeeInvis .   a - +0 short sword
rCold    . . .     Faith    .   (no shield)
rNeg     . . .     Spirit   .   l - +0 ring mail
rPois    .         Reflect  .   n - +0 helmet
rElec    .         Harm     .   i - +0 cloak {Stlth+}
rCorr    .         Rampage  .   (no gloves)
Will     +....                  (no boots)
Stlth    ++........             (no amulet)
HPRegen  0.14/turn              c - ring of willpower
MPRegen  0.09/turn              (no ring)

@: no status effects
A: talons 1, ignite blood 1
a: no special abilities


You were on level 4 of the Dungeon.
You visited 1 branch of the dungeon, and saw 4 of its levels.

You collected 101 gold pieces.

Inventory:

Hand Weapons
 a - a +0 short sword (weapon)
Armour
 b - a +0 robe
 i - a +0 cloak of stealth (worn)
 l - a +0 ring mail (worn)
 n - a +0 helmet (worn)
Jewellery
 c - a ring of willpower (left hand)
Scrolls
 f - a scroll of fear {unknown}
 g - 5 scrolls of identify {unknown}
 m - 2 scrolls of teleportation {unknown}
Potions
 d - 3 potions of invisibility {unknown}
 e - a potion of heal wounds
 h - a potion of degeneration {unknown}
 j - a potion of mutation {unknown}
 k - 2 potions of haste {unknown}
 o - a potion of resistance {unknown}
 p - a potion of ambrosia {unknown}


   Skills:
 + Level 3.8 Fighting
 * Level 3.7 Short Blades
 + Level 1.6 Armour
 + Level 3.3 Dodging
 + Level 2.5 Stealth


You had 4 spell levels left.
You didn't know any spells.
Your spell library was empty.

Dungeon Overview and Level Annotations

Branches:
Dungeon (4/15)
 Temple: D:4-7

Altars:
Cheibriados
Elyvilon
Vehumet
Zin


Innate Abilities, Weirdness & Mutations

You have sharp toenails.
Your demonic aura sometimes causes spilled blood to erupt in flames


Message History

The white imp hits you. The white imp freezes you.
You hit the white imp but do no damage.
The white imp is heavily wounded.
You hit the white imp but do no damage.
The white imp is heavily wounded.
The white imp completely misses you.
You hit the white imp but do no damage. Your kick misses the white imp.
The white imp is heavily wounded.
The white imp hits you. The white imp freezes you.
You hit the white imp. Your kick misses the white imp.
The white imp is almost dead.
The white imp gestures at you. The puff of frost hits you.
You are too injured to fight recklessly!
You hit the white imp but do no damage.
The white imp is almost dead.
The white imp gestures at you. The puff of frost hits you.
You hit the white imp but do no damage. Your kick misses the white imp.
The white imp is almost dead.
The white imp gestures at you. The puff of frost hits you.
You are too injured to fight recklessly!
You hit the white imp but do no damage.
The white imp is almost dead.
The white imp gestures at you. The puff of frost hits you!
* * * LOW HITPOINT WARNING * * *
You are too injured to fight recklessly!
You hit the white imp but do no damage.
You claw the white imp, but do no damage.
The white imp is almost dead.
The white imp gestures at you. The puff of frost hits you.
* * * LOW HITPOINT WARNING * * *
You closely miss the white imp. Your kick misses the white imp.
The white imp is almost dead.
The white imp gestures at you. The puff of frost hits you!
You die...

#.##.##.#
#>......#
####.#### #......#
#.##.#.# ###
#.#..#.# #..
#.#.##.# #S# #
#......# #5##.##.#
###.#### #@.......
#.########.#####.#
#[.........#####.
#####.###........#
#.# #..####### #.#
#.## #.. ..#
#######


You could see an adder and a white imp.

Vanquished Creatures
  A bullfrog skeleton (D:3)
  An orc wizard (D:3)
  An adder (D:3)
  An ooze (D:1)
  6 worms
  3 dart slugs
  10 orcs (D:3)
  A ball python (D:3)
  6 giant cockroaches
  9 goblins
  7 hobgoblins
  8 jackals (D:3)
  6 kobolds
  2 quokkas
  12 bats
  4 frilled lizards
  6 rats
84 creatures vanquished.

Notes
Turn   | Place    | Note
-------+----------+-------------------------------------------
     0 | D:1      | dickylongcocking the Demonspawn Monk began the quest for
                  | the Orb.
     0 | D:1      | Reached XP level 1. HP: 18/18 MP: 1/1
    74 | D:1      | Gained mutation: Your demonic aura sometimes causes spilled
                  | blood to erupt in flames [demonic ancestry]
    74 | D:1      | Reached XP level 2. HP: 20/24 MP: 2/2
   874 | D:2      | Gained mutation: You have sharp toenails. [demonic
                  | ancestry]
   874 | D:2      | Reached XP level 3. HP: 29/29 MP: 3/3
  1388 | D:2      | Found a faded altar of an unknown god.
  1599 | D:2      | Found a radiant altar of Vehumet.
  2254 | D:3      | Reached XP level 4. HP: 34/36 MP: 4/4
  2390 | D:3      | Found a white marble altar of Elyvilon.
  2462 | D:3      | Reached skill level 1 in Armour
  2468 | D:3      | Reached XP level 5. HP: 26/42 MP: 5/5
  2719 | D:3      | Found a glowing silver altar of Zin.
  2890 | D:3      | Found a snail-covered altar of Cheibriados.
  3427 | D:4      | HP: 2/42 [white imp/puff of frost (3)]
  3428 | D:4      | Killed from afar by a white imp

Illustrated notes

Levels and vault maps discovered:
D:1:      arrival_zaba_pyramid, layout_basic
D:2:      layout_loops_ring, nicolae_overflow_hidden_temple,
          chequers_ecumenical_altar_simple_redux
D:3:      layout_basic, elyvilon_altar_4, lemuel_round_altar, minivault_27,
          cheibriados_altar_1
D:4:      layout_loops_cross, lemuel_zombie_altar_kikubaaqudgha,
          marbit_many_paths, ebering_ghost_reflecting_pool,
          gup_sewer_entry_glass

Skill      XL: |  1  2  3  4 |
---------------+-------------+-----
Dodging        | 3 |  3.3
Short Blades   | 3 |  3.7
Stealth        | 2 |  2.5
Armour         | 1 |  1.6
Fighting       | |  3.8

Action                   |  1- 3 |  4- 6 || total
-------------------------+-------+-------++-------
Melee: Short sword       |   138 |   137 ||   275
       Kick              |    33 |    35 ||    68
  Use: Potion            |       |     3 ||     3
 Stab: Sleeping          |     5 |     1 ||     6
Armor: Robe              |    12 |       ||    12
       Ring mail         |    13 |    75 ||    88
Dodge: Dodged            |    76 |   131 ||   207

Table legend: (Time is in decaauts)
 A = Elapsed time spent in this place.
 B = Non-inter-level travel time spent in this place.
 C = Inter-level travel time spent in this place.
 D = Time resting spent in this place.
 E = Time spent auto-exploring this place.
 F = Levels seen in this place.
 G = Mean time per level.
                   A        B        C        D        E       F      G
               +--------+--------+--------+--------+--------+-----+--------+
         Total |   3409 |   3367 |     42 |      0 |   2809 |   4 |  852.2 |
       Dungeon |   3409 |   3367 |     42 |      0 |   2809 |   4 |  852.2 |
               +--------+--------+--------+--------+--------+-----+--------+

Top non-repeatable levels by time:
     D:2: 1371 daAuts
     D:3: 1099 daAuts
     D:1: 866 daAuts
     D:4: 73 daAuts
